 Dungeon Crawl Stone Soup version 0.24.1 (webtiles) character file.

Game seed: 7946865847822665601, levelgen mode: deterministic

7085 BuffBuff the Cleaver (level 10, 0/92 HPs)
             Began as a Minotaur Berserker on Mar 24, 2020.
             Was a High Priest of Trog.
             Slain by a centaur warrior zombie (5 damage)
             ... summoned by an orange crystal statue
             ... on level 10 of the Dungeon.
             The game lasted 00:22:29 (8038 turns).

BuffBuff the Cleaver (Minotaur Berserker)           Turns: 8038, Time: 00:22:30

Health: 0/92       AC: 20    Str: 25    XL:     10   Next: 84%
Magic:  0/9        EV: 10    Int: -12 (4) God:    Trog [*****.]
Gold:   289        SH:  0    Dex: 10    Spells: 9/9 levels left

rFire    + . .     SeeInvis .   F - +2 broad axe of Itealil {flame, rF+ rN+}
rCold    . . .     Gourm    .   (no shield)
rNeg     + + .     Faith    .   B - +1 plate armour
rPois    .         Spirit   .   w - +2 hat
rElec    .         Reflect  .   v - scarf {repulsion}
rCorr    .         Harm     .   x - +0 pair of gloves
MR       .....                  j - +0 pair of boots
Stlth    ..........             m - amulet of regeneration
HPRegen  0.65/turn              q - ring of positive energy
MPRegen  0.11/turn              (no ring)

@: confused, slowed, lost intelligence, repel missiles, very slow
A: retaliatory headbutt, horns 2
a: Berserk, Trog's Hand, Brothers in Arms, Renounce Religion


You were on level 10 of the Dungeon.
You worshipped Trog.
Trog was extremely pleased with you.
You were not hungry.

You visited 1 branch of the dungeon, and saw 10 of its levels.

You collected 619 gold pieces.
You spent 330 gold pieces at shops.

Inventory:

Hand Weapons
 F - the +2 broad axe of Itealil (weapon) {flame, rF+ rN+}
   (Trog gifted it to you on level 8 of the Dungeon)

   It has been specially enchanted to burn those struck by it, causing extra
   injury to most foes and up to half again as much damage against particularly
   susceptible opponents.
   Big, fiery blades are also staple armaments of hydra-hunters.
   It protects you from fire.
   It protects you from negative energy.
Missiles
 y - 31 poisoned darts (quivered)
Armour
 j - a +0 pair of boots (worn)
 s - the +10 large shield of Ignorance {rN+ Int-4}
   (You found it on level 10 of the Dungeon)

   It affects your intelligence (-4).
   It protects you from negative energy.
 v - a scarf of repulsion (worn)
 w - a +2 hat (worn)
 x - a +0 pair of gloves (worn)
 B - a +1 plate armour (worn)
Jewellery
 m - an amulet of regeneration (around neck)
 q - a ring of positive energy (left hand)
 u - a +3 ring of evasion
 G - an uncursed ring of fire {unknown}
Wands
 f - a wand of digging (6)
 g - a wand of random effects (24)
 t - a wand of flame (12)
 E - a wand of iceblast (6)
Scrolls
 b - 2 scrolls of fear {unknown}
 h - 3 scrolls of identify
 k - 6 scrolls of teleportation
 l - 11 scrolls of remove curse
 n - 2 scrolls of magic mapping
 r - a scroll of enchant armour
 D - 3 scrolls of blinking
Potions
 a - a potion of flight {unknown}
 d - 3 potions of curing
 e - a potion of invisibility
 i - 4 potions of berserk rage
 o - 2 potions of agility {unknown}
 p - 3 potions of heal wounds
 z - a potion of ambrosia
 A - a potion of haste
 C - a potion of lignification
 H - a potion of brilliance {unknown}
Comestibles
 c - 16 rations


   Skills:
 + Level 9.7 Fighting
 * Level 12.7 Axes
 + Level 9.3 Armour
 + Level 8.5 Dodging


You had 9 spell levels left.
You didn't know any spells.
Your spell library was empty.

Dungeon Overview and Level Annotations

Branches:
Dungeon (10/15)            Temple (0/1) D:5            Lair (0/6) D:10
    Orc (0/2) D:9

Altars:
Beogh

Shops:
D:4 ?=

Annotations:
D:10 1 runed translucent door, exclusion: 4 orange crystal statues


Innate Abilities, Weirdness & Mutations

You reflexively headbutt those who attack you in melee.
You have a pair of horns on your head.


Message History

The howler monkey hoots and howls with incredible vigour!
The centaur warrior zombie hits you but does no damage.
The orc warrior completely misses you.
The orange crystal statue glitters.
You are more confused.
The vampire gestures wildly while chanting.
The vampire flickers and vanishes!
The ice beast hits you but does no damage.
The iguana bites you but does no damage.
The centaur warrior zombie misses you. The orc warrior closely misses you.
You closely miss the iguana. Your headbutt misses the iguana.
The iguana is almost dead.
You hit the ice beast but do no damage. You hit the centaur warrior zombie.
You burn the centaur warrior zombie. You hit the orange crystal statue.
The howler monkey hoots and howls with incredible vigour!
The centaur warrior zombie hits you but does no damage.
The ice beast hits you but does no damage.
The iguana barely misses you. The orc warrior barely misses you.
The centaur warrior zombie hits you.
You die...

#+#.##........................#
#........####+####..#.... ...#
###.#....#8.....8#..######...#
#.#....#.#...#.#..#........#
###+#....#....Y..#..#........#..
#........#..yo{y{#.......(......
#....###.#..h{ooo#..............
#...)....#.#ohY#Z#..............
#.....#..#8.oll@8#....####......
#.....#..####o####....# ###...
#.....#......Wo.......# ..
##.....#.#...####......# .
#.....<#.#.## #......#
....####.#.# #.)....#
......##.#.######......#
P......#.............###
P........#############


You could see 4 orange crystal statues, 2 orc warriors, 2 ice beasts, 2 howler
monkeys, 2 iguanas, a killer bee, an orc priest, 3 orcs and a centaur warrior
zombie.

Vanquished Creatures
  A two-headed ogre (D:9)
  A komodo dragon (D:10)
  A troll (D:9)
  A hippogriff (D:7)
  9 yaks (D:9)
  A water moccasin (D:6)
  2 ice beasts (D:8)
  2 orc warriors
  2 sky beasts
  A phantom (D:4)
  5 ogres
  6 centaurs
  A necrophage (D:4)
  A crocodile (D:10)
  A gnoll sergeant (D:8)
  4 bullfrogs
  A big kobold (D:7)
  A water moccasin zombie (D:7)
  A water moccasin skeleton (D:9)
  3 scorpions
  8 killer bees
  5 howler monkeys
  2 centaur zombies
  A bullfrog zombie (D:9)
  3 crimson imps
  2 quasits
  4 hounds
  3 jellies
  7 orc priests
  A bullfrog skeleton (D:6)
  3 iguanas
  8 orc wizards
  7 worker ants
  6 gnolls
  A worker ant zombie (D:10)
  12 adders
  2 oozes
  An adder zombie (D:6)
  An adder skeleton (D:5)
  3 worms
  6 dart slugs
  3 leopard geckos
  41 orcs
  4 giant cockroaches
  14 hobgoblins
  6 jackals
  15 kobolds
  4 quokkas
  3 ball pythons
  A ball python skeleton (D:4)
  10 bats
  4 frilled lizards
  14 goblins
  A leopard gecko skeleton (D:5)
  A quokka skeleton (D:8)
  A quokka zombie (D:5)
  6 rats
  2 plants (D:10)
261 creatures vanquished.

Vanquished Creatures (collateral kills)
  A centaur (D:8)
  A gnoll (D:8)
  An adder (D:8)
3 creatures vanquished.

Vanquished Creatures (others)
  2 plants
2 creatures vanquished.

Grand Total: 266 creatures vanquished

Notes
Turn   | Place    | Note
-------+----------+-------------------------------------------
     0 | D:1      | BuffBuff the Minotaur Berserker began the quest for the
                  | Orb.
     0 | D:1      | Reached XP level 1. HP: 19/19 MP: 0/0
   261 | D:1      | Reached skill level 4 in Axes
   261 | D:1      | Reached XP level 2. HP: 27/27 MP: 1/1
   815 | D:2      | Reached XP level 3. HP: 26/33 MP: 2/2
   848 | D:2      | Reached ** piety under Trog
  1171 | D:2      | Reached XP level 4. HP: 40/40 MP: 3/3
  1908 | D:3      | Reached skill level 5 in Axes
  2091 | D:3      | Reached XP level 5. HP: 47/47 MP: 4/4
  2699 | D:4      | Reached XP level 6. HP: 54/55 MP: 5/5
  2860 | D:4      | Reached skill level 5 in Fighting
  2860 | D:4      | Reached skill level 6 in Axes
  2918 | D:4      | Reached *** piety under Trog
  2988 | D:4      | Found Duenecre's Jewellery Emporium.
  3077 | D:4      | Found Laung's Magic Scroll Shop.
  3121 | D:4      | Reached XP level 7. HP: 58/61 MP: 6/6
  3181 | D:4      | Reached skill level 7 in Axes
  3181 | D:4      | Reached skill level 5 in Armour
  3403 | D:5      | Entered Level 5 of the Dungeon
  3422 | D:5      | You fall into a shaft and drop 1 floor!
  3434 | D:5      | Found a staircase to the Ecumenical Temple.
  3755 | D:5      | Identified the +8 dagger of Wympes {antimagic, rC+}
  3778 | D:5      | Reached **** piety under Trog
  4030 | D:5      | Reached skill level 5 in Dodging
  4188 | D:5      | Reached skill level 8 in Axes
  4188 | D:5      | Reached XP level 8. HP: 57/70 MP: 7/7
  4816 | D:4      | Bought an uncursed amulet of regeneration for 330 gold
                  | pieces
  5381 | D:6      | Reached skill level 9 in Axes
  5733 | D:7      | Reached XP level 9. HP: 78/79 MP: 8/8
  6068 | D:8      | Reached skill level 10 in Axes
  6109 | D:8      | Reached ***** piety under Trog
  6318 | D:8      | Received a gift from Trog
  6329 | D:8      | Got a brightly glowing broad axe {god gift}
  6329 | D:8      | Identified the +2 broad axe of Itealil {flame, rF+ rN+}
                  | (Trog gifted it to you on level 8 of the Dungeon)
  6487 | D:8      | Reached skill level 11 in Axes
  6879 | D:9      | Reached XP level 10. HP: 88/90 MP: 9/9
  6968 | D:9      | Found a staircase to the Orcish Mines.
  7176 | D:9      | Found a roughly hewn altar of Beogh.
  7264 | D:9      | Reached skill level 12 in Axes
  7474 | D:9      | Noticed a two-headed ogre
  7485 | D:9      | Killed a two-headed ogre
  7864 | D:10     | Entered Level 10 of the Dungeon
  7866 | D:10     | Found a staircase to the Lair.
  7876 | D:10     | Found a runed translucent door.
  7970 | D:10     | Found a runed translucent door.
  7977 | D:10     | Found the +10 large shield of Ignorance {rN+ Int-4}
  7979 | D:10     | Noticed an orange crystal statue
  8008 | D:10     | Noticed an orange crystal statue
  8008 | D:10     | Noticed an orange crystal statue
  8008 | D:10     | Noticed an orange crystal statue
  8025 | D:10     | Lost intelligence.
  8036 | D:10     | HP: 4/92 [ice beast[an orange crystal statue] (13)]
  8038 | D:10     | Slain by a centaur warrior zombie

Levels and vault maps discovered:
D:1:      psy_arrival_fountain, layout_basic, minivault_4
D:2:      layout_loops_corners, first_ration, chequers_serial_rivers_marsh
D:3:      layout_rooms, nicolae_overflow_hidden_temple,
          minmay_misc_feat_four_crosses
D:4:      kb_forest_paths, layout_basic, serial_shops, kennysheep_mini_moat,
          kennysheep_little_box, dk_rats_in_the_wall
D:5:      corexii_shack_village, layout_basic, minmay_temple_entry_glass
D:6:      layout_gridville, item_on_display_a
D:7:      layout_loops_cross
D:8:      kennysheep_ambush_hall, layout_cave_pools, serial_column_ruins,
          column_ruins_open_small_water, column_ruins_open_tiny,
          column_ruins_columns_corner, column_ruins_corridor_straight
D:9:      layout_loops_cross, minmay_orc_entry_temple_small
D:10:     layout_basic, david_lair_shrubbed, serial_shops, nicolae_shop_trees,
          the_bakery, columned_hall_lemuel, chequers_guarded_unrand_ignorance

Skill      XL: |  1  2  3  4  5  6  7  8  9 10 |
---------------+-------------------------------+-----
Axes           | 4 5 6 8 9 11 12 | 12.7
Fighting       | 4 5 6 7 8 9 |  9.7
Armour         | 3 4 5 6 8 9 |  9.3
Dodging        | 3 4 5 6 7 8 |  8.5

Action                   |  1- 3 |  4- 6 |  7- 9 | 10-12 || total
-------------------------+-------+-------+-------+-------++-------
Melee: Hand axe          |    56 |   155 |   304 |       ||   515
       Headbutt          |     7 |    24 |    70 |    26 ||   127
       Broad axe         |       |       |    53 |   124 ||   177
       Flail             |       |       |    17 |       ||    17
Invok: Berserk           |       |       |       |     1 ||     1
  Use: Scroll            |       |     8 |    13 |       ||    21
       Potion            |       |       |     1 |       ||     1
  Eat: Chunk             |     1 |     6 |    12 |     5 ||    24
Armor: Ring mail         |    10 |       |       |       ||    10
       Scale mail        |     9 |    19 |       |       ||    28
       Plate armour      |       |    90 |   212 |   141 ||   443
Dodge: Dodged            |    28 |    68 |   179 |   105 ||   380
       Deflected         |       |       |    11 |     2 ||    13
